 Dungeon Crawl Stone Soup version 0.26-a0-466-g989023bd0d (webtiles) character file.

Game seed: 16245519157418116935

56 graki42 the Insei (level 3, 0/24 HPs)
             Began as an Octopode Transmuter on Aug 14, 2020.
             Slain by a worm (10 damage)
             ... on level 2 of the Dungeon.
             The game lasted 00:03:30 (1354 turns).

graki42 the Insei (Octopode Transmuter)             Turns: 1354, Time: 00:03:30

Health: 0/24       AC:  5    Str: 10    XL:     3   Next: 95%
Magic:  4/6        EV: 13    Int: 15    God:
Gold:   66         SH:  0    Dex: 12    Spells: 3/6 levels left

rFire    . . .     SeeInvis .     - Unarmed
rCold    . . .     Faith    .   (no shield)
rNeg     . . .     Spirit   .   (helmet currently unavailable)
rPois    .         Reflect  .   (no amulet)
rElec    .         Harm     .   f - +4 ring of protection
rCorr    .                      (no ring)
MR       .....                  (no ring)
Stlth    ++........             (no ring)
HPRegen  0.08/turn              (no ring)
MPRegen  0.10/turn              (no ring)
                                (no ring)
                                (no ring)

@: appendages (expiring), wereblooded
A: almost no armour, stealthy swim, amphibious, 8 rings, constrict 8, tentacle
spike 3, camouflage 1, gelatinous body 1
a: End Transformation


You were on level 2 of the Dungeon.
One of your tentacles had a temporary spike.
You visited 1 branch of the dungeon, and saw 2 of its levels.

You collected 66 gold pieces.

Inventory:

Jewellery
 f - a +4 ring of protection (left tentacle)
 i - an uncursed amulet of guardian spirit
Scrolls
 a - 3 scrolls of remove curse {unknown}
 c - a scroll of teleportation {unknown}
 h - a scroll of identify {unknown}
 j - a scroll of enchant weapon {unknown}
 k - a scroll of amnesia {unknown}
 l - a scroll of magic mapping {unknown}
Potions
 b - a potion of cancellation {unknown}
 d - a potion of heal wounds {unknown}
 e - a potion of ambrosia {unknown}
 g - a potion of degeneration {unknown}
 m - a potion of curing {unknown}


   Skills:
 + Level 1.7 Fighting
 + Level 2.4 Dodging
 + Level 3.4 Unarmed Combat
 + Level 2.4 Spellcasting
 + Level 2.4 Transmutations


You had 3 spell levels left.
You knew the following spells:

 Your Spells              Type           Power        Failure   Level
a - Beastly Appendage     Tmut           #.....       8%          1
b - Wereblood             Tmut           #.......     12%         2

Your spell library contained the following spells:

 Spells                   Type           Power        Failure   Level
 Spider Form              Tmut/Pois      #.........   36%         3
 Ice Form                 Ice/Tmut       #.......     77%         4
 Blade Hands              Tmut           #.........   91%         5


Dungeon Overview and Level Annotations

Branches:
Dungeon (2/15)

Altars:


Innate Abilities, Weirdness & Mutations

You cannot wear most types of armour.
You are very stealthy in the water. (Stealth+)
You are amphibious.
You can wear up to eight rings at the same time.
You can use your tentacles to constrict eight enemies at once.
Your skin changes colour to match your surroundings (Stealth+).
Your rubbery body absorbs attacks. (AC +1, EV +1)
One of your tentacles bears a large vicious spike.


Message History

You constrict the orc. The orc hits you but does no damage.
You tentacle-slap the orc.
You pierce the orc, but do no damage.
The orc is almost dead.
You constrict the orc, but do no damage.
The orc hits you but does no damage.
You tentacle-slap the orc.
You kill the orc!
You tentacle-slap the orc. You grab the orc.
The orc is moderately wounded.
You howl as the wereblood boils in your veins!
You constrict the orc. The orc closely misses you.
You tentacle-slap the orc.
You kill the orc!
You howl as the wereblood boils in your veins!
Your transformation is almost over.
You completely miss the worm. Your grab misses the worm.
You barely miss the worm. You grab the worm.
You howl as the wereblood boils in your veins!
You constrict the worm. The worm bites you!
You die...

#+# #.....# ...
#.#.#.# ....
#.#.#.#### ..o..
#.#......#
......#.##...#.#
......w........#
......####...###
..... ##w## ....
#@# ... #.# #+
#.# #.# #<# #.#
#.# #.# #.#


You could see a worm.

Vanquished Creatures
  2 adders (D:2)
  2 worms (D:2)
  A leopard gecko (D:1)
  2 orcs (D:2)
  2 bats
  A giant cockroach (D:1)
  3 goblins (D:2)
  4 hobgoblins
  5 kobolds
  A quokka (D:2)
  A ball python (D:1)
  A frilled lizard (D:2)
  2 rats (D:1)
27 creatures vanquished.

Notes
Turn   | Place    | Note
-------+----------+-------------------------------------------
     0 | D:1      | graki42 the Octopode Transmuter began the quest for the
                  | Orb.
     0 | D:1      | Reached XP level 1. HP: 13/13 MP: 3/3
   219 | D:1      | Reached XP level 2. HP: 12/18 MP: 3/5
   223 | D:1      | Learned a level 2 spell: Wereblood
   921 | D:2      | Reached XP level 3. HP: 12/23 MP: 2/6
  1354 | D:2      | Slain by a worm

Illustrated notes

Levels and vault maps discovered:
D:1:      evilmike_arrival_rings, layout_loops_ring
D:2:      layout_loops_corners, kennysheep_nub, kennysheep_generic_room_5

Action                   || total
-------------------------++-------
Melee: Unarmed           ||    63
       Constrict         ||    21
       Tentacles         ||    10
       Kick              ||    13
 Cast: Beastly Appendage ||     9
       Wereblood         ||     5
 Stab: Sleeping          ||     3
Armor: Skin              ||    11
Dodge: Dodged            ||    27

Table legend: (Time is in decaauts)
 A = Elapsed time spent in this place.
 B = Non-inter-level travel time spent in this place.
 C = Inter-level travel time spent in this place.
 D = Time resting spent in this place.
 E = Time spent auto-exploring this place.
 F = Levels seen in this place.
 G = Mean time per level.
                   A        B        C        D        E       F      G
               +--------+--------+--------+--------+--------+-----+--------+
         Total |   1350 |   1309 |     41 |      0 |   1135 |   2 |  675.0 |
       Dungeon |   1350 |   1309 |     41 |      0 |   1135 |   2 |  675.0 |
               +--------+--------+--------+--------+--------+-----+--------+

Top non-repeatable levels by time:
     D:1: 812 daAuts
     D:2: 538 daAuts
